← All builds
Tech / Armada / Economy first / OBSERVED BUILD

Standard tech

Rushes T2 factory and Advanced Metal Extractors while supplying T2 constructors to teammates, then transitions into anti-nuke and support units later.

Usually first T2 con to Geo (85%)

#t2 #eco #team support · 762 distinct matches · 108 players · 59% of Armada Tech games · team won 53% of 882 · Recently observed

HOW TO PLAY IT

Key timing: T2 lab by 4:15

  1. Take 3 mex, then wind and a Bot Lab to open eco fast.
  2. Push T2 lab out, aim to pass T2 to air player.
  3. Get first T2 constructor building, prioritize mex upgrades over eco.
  4. Finish Advanced Metal Extractor, keep upgrading team's mex.
  5. Add fus and anti-nuke, keep feeding T2 cons and Umbrella/Citadel to team.

Phase by phase

TYPICAL OF ITS 762 GAMES
  1. 1
  2. 2
  3. 3
  4. 4
PLAY THE OPENING

Follow the example game's first 6:00 step by step: what to build now, what comes next, and where it goes. At 1× it keeps pace with your own game.

  1. 1

    Up to the Bot Lab

    Economy
    • Metal Extractor3Mex
    • Wind Turbine4Wind
    Order
    1. Bot LabBot Lab after 3 mex, 4 winddone ~1:17, middle half 1:13–1:32

    By 1:01 in all: 3 mex · 4 wind

    The example game in this phase · 3 steps
    1. Mex ×3
    2. Wind ×4
    3. Bot LabBot Labdone 1:18 · typical 1:17
  2. 2

    Bot Lab to Advanced Bot Lab

    Economy
    • Metal Extractor1Mex
    • Wind Turbine8Wind
    • Energy Storage1Energy storage
    Order
    1. Advanced Bot LabAdvanced Bot Lab after 4 mex, 12 wind, 3 con turretdone ~4:15, middle half 4:04–4:27
    Builders
    • Construction Turret3 Con turret
    • Lazarus3 Lazarus
    • Construction Bot2 Con bot
    • Construction Bot1 Con bot for allies

    Some games also: converter (36%)

    By 3:19 in all: 4 mex · 12 wind · 1 energy storage · 3 con turret

    The example game in this phase · 22 steps
    1. LazarusLazarus
    2. Construction BotCon bot
    3. Wind ×3
    4. LazarusLazarus
    5. Wind
    6. Construction BotCon botfor Air
    7. Wind
    8. LazarusLazarus
    9. Mex
    10. Wind
    11. Con turret
    12. Wind
    13. Construction BotCon bot
    14. Wind
    15. Energy storage
    16. LazarusLazarus
    17. Con turret
    18. Energy storage
    19. Con turret
    20. LazarusLazarus
    21. Wind ×5
    22. Advanced Bot LabAdvanced Bot Labdone 4:38 · typical 4:15
  3. 3

    Advanced Bot Lab to 5:00

    Economy
    • Wind Turbine2Wind
    Builders
    • Advanced Construction Bot1 T2 con bot for allies

    Some games also: converter (36%)

    By 5:00 in all: 4 mex · 15 wind · 2 converter · 1 energy storage · 3 con turret

    The example game in this phase · 5 steps
    1. Converter ×3
    2. Advanced Construction BotT2 con botfor Geo
    3. Converter
    4. FatboyFatboyfor Ponddone 5:19
    5. Advanced Metal ExtractorT2 mexnot finished by 15:00 · typical 5:29
  4. 4

    5:00 to 10:00

    Economy
    • Wind Turbine44Wind
    • Energy Converter6Converter
    Builders
    • Butler8 Butler
    • Advanced Construction Bot4 T2 con bot for allies
    • Advanced Construction Bot1 T2 con bot

    Some games also: con turret (47%) · Butler for allies (38%)

    By 10:00 in all: 4 mex · 59 wind · 8 converter · 1 energy storage · 3 con turret

    The example game in this phase · 146 steps
    1. Advanced Construction BotT2 con botfor Air
    2. Advanced Metal ExtractorT2 mex ×3
    3. Advanced Construction BotT2 con bot
    4. Advanced Construction BotT2 con botfor Geo sea
    5. ButlerButler ×3
    6. ButlerButlerfor Geo sea
    7. Advanced Metal ExtractorT2 mex
    8. ButlerButlerfor Geo sea
    9. ButlerButler
    10. Advanced Construction BotT2 con bot ×2for Pond
    11. Wind
    12. Advanced Construction BotT2 con bot
    13. Wind ×3
    14. ButlerButler
    15. Wind ×2
    16. ButlerButler
    17. Wind ×2
    18. ButlerButler
    19. Wind
    20. GunslingerGunslingernot finished by 15:00
    21. Wind ×6
    22. ButlerButler
    23. Wind ×3
    24. ButlerButler
    25. Wind ×2
    26. ButlerButler
    27. Wind ×2
    28. ButlerButler
    29. Wind ×2
    30. ButlerButler
    31. Wind ×2
    32. ButlerButler
    33. Converter
    34. Wind ×2
    35. Converter
    36. Wind
    37. ButlerButler
    38. Wind ×2
    39. Converter
    40. Wind
    41. ButlerButler
    42. Wind ×3
    43. Converter
    44. Wind ×3
    45. ButlerButler
    46. Converter
    47. Wind ×3
    48. Converter
    49. Wind ×7
    50. Converter
    51. Wind ×3
    52. ButlerButler
    53. Wind ×2
    54. Converter
    55. Wind ×6
    56. Converter
    57. Wind
    58. ButlerButler
    59. Wind ×6
    60. Converter
    61. Wind ×2
    62. ButlerButler
    63. Wind ×3
    64. Converter
    65. Wind
    66. CitadelAnti-nukedone 13:14
    67. Wind ×3
    68. Advanced Construction BotT2 con bot
    69. Wind
    70. Converter
    71. Wind ×3
    72. Converter
    73. Wind ×3
    74. Converter
    75. Wind ×5
    76. Converter
    77. Wind ×2
    78. Converter
    79. Wind ×2
    80. Converter
    81. Wind ×7
    82. Converter
    83. Wind
    84. Converter
    85. Wind ×6
    86. Converter ×2
    87. Wind ×12
    88. Metal storage
    89. Wind ×3
    90. Con turret
    91. Wind ×8
    92. Con turret
    93. Wind ×7
    94. Con turret
    95. Wind ×7
    96. ArchangelArchangelnot finished by 15:00
    97. Wind ×5
    98. SmugglerJammer bot
    99. Wind ×13
    100. TracerTracer
    101. Wind ×6
    102. Converter ×2
    103. Wind ×6
    104. Converter
    105. Wind ×11
    106. Advanced Fusion ReactorAdvanced Fusion Reactornot finished by 15:00
    107. Wind
    108. Con turret
    109. Wind ×3
    110. Con turret
    111. Wind ×4
    112. Converter
    113. Wind
    114. Con turret
    115. Wind
    116. Converter
    117. Wind ×2
    118. Con turret
    119. Wind ×2
    120. Converter
    121. Con turret
    122. Wind ×2
    123. Converter
    124. Wind ×2
    125. Con turret
    126. Wind ×4
    127. Converter
    128. Wind ×2
    129. Converter
    130. Wind ×4
    131. Converter ×2
    132. Wind ×8
    133. Converter ×2
    134. Wind ×7
    135. Converter ×2
    136. Wind ×7
    137. Converter ×2
    138. Wind ×4
    139. Advanced Bot LabAdvanced Bot Labnot finished by 15:00
    140. Wind ×2
    141. Converter
    142. Wind
    143. Converter
    144. Wind ×6
    145. Converter ×2
    146. Wind ×4

Counts are medians over the build's games: half of them build more, half fewer. The example game is ManBearPig_'s (38 OS, 13/09/2026); pick another.

Team trades

IN AT LEAST 30% OF ITS GAMES

You hand over

  • Construction Bot1 Con bot to Airfirst at 2:22 · in 88% of games
  • Advanced Construction Bot5 T2 con bot to Air or Pond or Geo seafirst at 4:46 · in 99% of games
  • Sharpshooter2 Sniper bot to Pondfirst at 5:21 · in 33% of games
  • Butler2 Butler to Geo sea or Beach sea or Pondfirst at 9:04 · in 42% of games

You get

  • Hercules1 Light transport from Airfirst at 4:00 · in 86% of games

How it plays out

Typical game of this build, running totals by minute

Metal produced

020k40k
0:005:0010:0015:00

metal

Enemy metal destroyed

0200400
0:005:0010:0015:00

metal

Own metal lost

0100200300
0:005:0010:0015:00

metal

882 games.

Show as table
ByMetal produced: This buildEnemy metal destroyed: This buildOwn metal lost: This build
1:0038300
2:0091500
3:00164400
4:00315200
5:00486600
6:00581100
7:00723300
8:00907900
9:001125300
10:001358400
11:001641600
12:001998800
13:002377500
14:002754990108
15:0031616324206
WHAT THE NUMBERS SAY

This is the role's baseline and wins slightly more than half its games with a huge metal lead but almost no kills, showing its value is economic not combat.

  • + Produces 31389 metal by 15:00, far above other roles.
  • + Reaches T2 lab and constructor by 4:15-4:33 almost every game.
  • − Barely destroys any enemy metal (400 by 15:00), no combat presence.
  • − Fusion Reactor and anti-nuke only land in 44% of games.
THE EXAMPLE YOU ARE READING

ManBearPig_

37.9 OS · 13/09/2026

Open source match ↗

1 received units
3464 metal received · 53798 energy received

Allied construction assistance is unknown. Timings are observations, not a promise of solo reproducibility.

Typical milestones

Bot Lab1:17Middle 50%: 1:13–1:32 · n=882
Advanced Bot Lab4:15Middle 50%: 4:04–4:27 · n=876
Advanced Metal Extractor5:29Middle 50%: 5:06–5:58 · n=880

Played most by

Amrissa100games of this buildSyphos39games of this buildKOT_38games of this buildAdeus34games of this buildTeaner33games of this build